Map: [ESL] Cosmic Sapphire

Players

Zain

  • Race: Protoss Protoss
  • Spawn Location: 11:00

Maplez - Winner!

  • Race: Protoss Protoss
  • Spawn Location: 5:00

Event: DreamHack SC2 Masters 2022 Valencia

VOD

Have the link to the VOD?

Description

Time

  • Played on: July 1, 2022, 6:57 a.m.
  • Length: 8:46

All games in this series

Show
View Real Time Build Order
Export as new Build Order

Zain Protoss 

Build Orders: Phoenix Opening 

Get SALT Encoding   

  12  0:00  Probe  
  13  0:12  Probe  
  14  0:17  Pylon  
  14  0:24  Probe (Chrono Boost)  
  16  0:36  Probe (Chrono Boost), Gateway  
  16  0:43  Probe (Chrono Boost)  
  16  0:45  Assimilator  
  17  0:51  Probe  
  18  0:57  Assimilator  
  18  1:03  Probe (Chrono Boost)  
  19  1:07  Gateway  
  19  1:13  Probe (Chrono Boost)  
  19  1:18  Probe (Chrono Boost)  
  20  1:24  Cybernetics Core  
  21  1:29  Probe  
  22  1:33  Pylon  
  22  1:41  Probe  
  23  1:56  Probe  
  23  1:59  Warp Gate (Chrono Boost)  
  23  2:00  Stalker x2  
  28  2:10  Pylon  
  28  2:13  Probe  
  29  2:31  Sentry  
  29  2:34  Sentry  
  33  2:47  Nexus  
  33  2:51  Shield Battery  
  32  2:57  Sentry  
  34  3:00  Shield Battery  
  34  3:04  Phoenix  
  34  3:07  Stalker  
  34  3:12  Probe  
  37  3:17  Pylon  
  37  3:28  Twilight Council  
  37  3:33  Probe  
  38  3:40  Stalker  
  40  3:47  Stalker  
  42  3:55  Probe (Chrono Boost)  
  43  4:00  Probe (Chrono Boost)  
  44  4:09  Probe x2 (Chrono Boost)  
  46  4:13  Dark Shrine  
  47  4:17  Probe  
  47  4:20  Probe  
  48  4:29  Probe, Blink (Chrono Boost)  
  49  4:32  Probe  
  50  4:41  Probe  
  50  4:44  Pylon, Probe  
  52  4:46  Stalker  
  52  4:50  Stalker  
  56  4:53  Probe  
  56  4:56  Probe  
  58  5:07  Nexus  
  58  5:10  Probe  
  58  5:13  Stalker  
  61  5:25  Dark Templar  
  61  5:27  Pylon  
  61  5:28  Probe  
  64  5:29  Probe  
  64  5:30  Assimilator  
  65  5:40  Probe  
  66  5:43  Stalker  
  66  5:45  Shield Battery  
  66  5:46  Probe  
  69  5:52  Probe  
  70  5:58  Stalker, Probe  
  73  6:04  Probe  
  73  6:07  Stalker, Shield Battery  
  73  6:10  Probe  
  77  6:12  Gateway x2  
  77  6:17  Pylon  
  77  6:20  Pylon  
  71  6:36  Stalker  
  71  6:37  Stalker, Probe  
  76  6:46  Probe  
  61  6:56  Probe x2  
  61  6:58  Probe  
  58  7:01  Stalker x2  
  57  7:08  Probe  
  57  7:14  Stalker x2  
  58  7:25  Stalker x2  
  58  7:28  Probe  
  55  7:37  Stalker x2  
  55  7:43  Probe  
  58  7:46  Gateway  
  58  7:48  Gateway  
  52  7:51  Stalker x2, Probe  
  52  8:03  Probe  
  46  8:06  Stalker x2  
  48  8:16  Dark Templar x2  
  49  8:20  Probe x2  
  49  8:26  Pylon  
  51  8:33  Stalker x2  
Show
View Real Time Build Order
Export as new Build Order

Maplez Protoss - Winner!

Build Orders: Blink Stalkers 

Get SALT Encoding   

  12  0:00  Probe  
  13  0:12  Probe  
  14  0:16  Pylon  
  14  0:24  Probe (Chrono Boost)  
  15  0:36  Gateway  
  15  0:37  Probe (Chrono Boost)  
  16  0:43  Probe (Chrono Boost)  
  16  0:46  Assimilator  
  17  0:51  Probe  
  17  0:55  Assimilator  
  18  1:03  Probe (Chrono Boost)  
  19  1:08  Gateway  
  19  1:12  Probe (Chrono Boost)  
  19  1:17  Probe (Chrono Boost)  
  21  1:25  Cybernetics Core  
  21  1:29  Probe  
  22  1:37  Pylon  
  22  1:41  Probe  
  23  1:55  Probe  
  24  2:02  Stalker x2, Warp Gate (Chrono Boost)  
  28  2:11  Pylon  
  28  2:14  Probe  
  32  2:40  Sentry x2  
  32  2:50  Probe  
  33  2:52  Nexus  
  33  2:55  Pylon  
  33  3:02  Probe  
  34  3:14  Twilight Council  
  34  3:18  Probe  
  35  3:20  Shield Battery  
  35  3:30  Probe  
  36  3:41  Pylon  
  36  3:42  Probe  
  36  3:44  Stalker x2  
  41  3:51  Blink (Chrono Boost)  
  41  3:55  Probe (Chrono Boost)  
  42  4:04  Probe (Chrono Boost)  
  44  4:12  Probe (Chrono Boost)  
  44  4:13  Sentry  
  44  4:14  Stalker, Probe (Chrono Boost)  
  49  4:18  Probe (Chrono Boost)  
  50  4:24  Probe  
  50  4:28  Robotics Facility  
  52  4:31  Probe  
  52  4:37  Probe  
  53  4:40  Stalker  
  53  4:43  Probe  
  56  4:46  Stalker, Assimilator  
  56  4:49  Probe  
  59  4:55  Gateway  
  59  5:02  Gateway  
  59  5:06  Probe x2  
  61  5:15  Observer (Chrono Boost)  
  61  5:17  Pylon  
  61  5:21  Stalker x2  
  64  5:25  Pylon  
  64  5:26  Pylon, Probe  
  68  5:28  Warp Prism (Chrono Boost)  
  69  5:46  Adept x2  
  73  5:55  Probe  
  71  5:57  Observer  
  70  6:06  Stalker x3  
  75  6:15  Stalker  
  74  6:20  Probe  
  69  6:35  Stalker x2  
  69  6:37  Probe  
  62  7:05  Probe (Chrono Boost)  
  62  7:07  Stalker x2  
  62  7:08  Stalker  
  67  7:16  Probe (Chrono Boost)  
  67  7:18  Probe (Chrono Boost)  
  65  7:25  Probe (Chrono Boost)  
  60  7:35  Stalker x4  
  64  7:45  Probe  
  63  7:54  Probe  
  63  7:56  Stalker x2  
  62  8:16  Probe  
  62  8:17  Probe  
  62  8:18  Nexus  
  64  8:22  Stalker x3  

Tags
 
Add a new tag
Caveats
  • Supply blocks, unpowered buildings, or Contaminate may cause inaccurate times.
  • Supply counts are checked every 10 seconds.